 Dungeon Crawl Stone Soup version 0.28-a0-1506-g3893175d92 (webtiles) character file.

Game seed: 8915609487655672247

117 a3don the Chiller (level 5, -2/26 HPs)
             Began as a Vine Stalker Ice Elementalist on Jan 13, 2022.
             Slain by Edmund (5 damage)
             ... on level 4 of the Dungeon.
             The game lasted 00:11:06 (3801 turns).

a3don the Chiller (Vine Stalker Ice Elementalist)   Turns: 3801, Time: 00:11:07

Health: -2/26      AC:  9    Str: 11    XL:     5   Next: 1%
Magic:  0/11       EV: 12    Int: 17    God:
Gold:   104        SH:  0    Dex: 14    Spells: 2/10 levels left

rFire   . . .      SeeInvis .   d - +0 dagger
rCold   . . .      Faith    .   (no shield)
rNeg    . . .      Spirit   +   a - +0 robe
rPois   .          Reflect  .   g - +0 helmet
rElec   .          Harm     .   (no cloak)
rCorr   .          Rampage  .   (no gloves)
Will    .....                   (no boots)
Stlth   ++........              (no amulet)
HPRegen 0.88/turn               (no ring)
MPRegen 0.12/turn               (no ring)

@: ice-armoured, freezing walls, very slightly contaminated
A: fangs 2, regeneration 1, magic shield, antimagic bite, no potion heal 2
a: no special abilities


You were on level 4 of the Dungeon.
You visited 1 branch of the dungeon, and saw 4 of its levels.

You collected 104 gold pieces.

Inventory:

Hand Weapons
 d - a +0 dagger (weapon)
 h - a +0 war axe
Missiles
 c - 77 stones
 i - 5 boomerangs (quivered)
Armour
 a - a +0 robe (worn)
 f - a +0 animal skin
 g - a +0 helmet (worn)
 k - a +0 buckler
Scrolls
 b - 5 scrolls of identify {unknown}
 e - a scroll of holy word {unknown}
 j - a scroll of noise {unknown}
 l - a scroll of blinking {unknown}


   Skills:
 + Level 2.1 Fighting
 - Level 1.5 Dodging
 - Level 2.4 Stealth
 + Level 0.2 Shields
 + Level 3.4 Spellcasting
 + Level 0.0 Transmutations
 + Level 4.7 Ice Magic
 + Level 0.0 Poison Magic


You had 2 spell levels left.
You knew the following spells:

 Your Spells              Type           Power      Damage    Failure   Level
a - Freeze                Ice            76%        1d9       2%          1
b - Frozen Ramparts       Ice            38%        1d5       7%          3
c - Ozocubu's Armour      Ice            19%        N/A       7%          3
d - Sting                 Tmut/Pois      8%         1d3       17%         1

Your spell library contained the following spells:

 Spells                   Type           Power      Damage    Failure   Level
 Poisonous Vapours        Pois/Air       4%         N/A       26%         2
 Tukima's Dance           Hex            2%         N/A       45%         3
 Hailstorm                Conj/Ice       11%        3d5       54%         4
 Anguish                  Hex/Necr       1%         N/A       86%         4
 Olgreb's Toxic Radiance  Pois           2%         N/A       86%         4
 Enfeeble                 Hex            1%         N/A       100%        7


Dungeon Overview and Level Annotations

Branches:
Dungeon (4/15)
 Temple: D:4-7

Altars:

Shops:
D:1 ([

Annotations:
D:4 Edmund


Innate Abilities, Weirdness & Mutations

You have extremely sharp teeth.
Your natural rate of healing is unusually fast.
When hurt, damage is shared between your health and your magic reserves.
Your bite disrupts and absorbs the magic of your enemies.
Potions cannot restore your health.


Message History

The walls around you are covered in ice.
The wall freezes Edmund.
Casting: Frozen Ramparts (quite dangerous; 7% risk of failure)
Confirm with . or Enter, or press ? or * to list all spells.
The spell is quite dangerous to miscast (7% risk of failure)!
Continue anyway?
A film of ice covers your body!
The wall freezes Edmund.
Casting: Ozocubu's Armour (quite dangerous; 7% risk of failure)
Confirm with . or Enter, or press ? or * to list all spells.
Aiming: Freeze (safe; 2% risk of failure)
Press: ? - help, Shift-Dir - straight line, f - Edmund
Aim: Edmund, wielding a +4 vorpal dire flail and wearing a +1 scale mail of willpower (lightly wounded)
You freeze Edmund.
Edmund is moderately wounded.
The wall freezes Edmund.
Edmund hits you with a +4 vorpal dire flail!
Casting: Freeze (safe; 2% risk of failure)
Confirm with . or Enter, or press ? or * to list all spells.
Aiming: Freeze (safe; 2% risk of failure)
Press: ? - help, Shift-Dir - straight line, f/p - Edmund
Aim: Edmund, wielding a +4 vorpal dire flail and wearing a +1 scale mail of willpower (moderately wounded)
You miscast Freeze.
You are very lightly contaminated with residual magic.
Nothing appears to happen.
The wall freezes Edmund.
Edmund hits you with a +4 vorpal dire flail.
You closely miss Edmund. You bite Edmund, but do no damage.
Edmund is heavily wounded.
The wall freezes Edmund.
Edmund barely misses you.
You hit Edmund but do no damage. You bite Edmund, but do no damage.
Edmund is severely wounded.
The wall freezes Edmund.
Edmund barely misses you.
You hit Edmund but do no damage.
Edmund is severely wounded.
The wall freezes Edmund.
Edmund misses you.
You hit Edmund. You bite Edmund, but do no damage.
Edmund is severely wounded.
The wall freezes Edmund.
Edmund hits you with a +4 vorpal dire flail!
Ouch! That really hurt!
* * * LOW HITPOINT WARNING * * *
You die...

#..##.# #....# #..##.#
#.#..# #..##.## #.#...
#......###.#.##
##.##.......>.#
#.###......... #.#
####.....#
.##########.######..#.##
.......@@...........#.#
....<######........<..#
### #........<..####
#.########### #.# #.#
#.# #.# #.#


You could see Edmund.

Vanquished Creatures
  Robin (D:1)
  3 adders
  2 adder skeletons (D:4)
  A dart slug (D:1)
  2 worms
  3 orcs
  A bat (D:1)
  8 endoplasms
  2 giant cockroaches
  6 hobgoblins
  4 jackals (D:1)
  4 quokkas
  4 ball pythons
  A frilled lizard (D:1)
  9 goblins
  3 kobolds
  7 rats
61 creatures vanquished.

Notes
Turn   | Place    | Note
-------+----------+-------------------------------------------
     0 | D:1      | a3don the Vine Stalker Ice Elementalist began the quest for
                  | the Orb.
     0 | D:1      | Reached XP level 1. HP: 9/9 MP: 4/4
   271 | D:1      | Found Jemoote's Armour Emporium.
   609 | D:1      | Reached XP level 2. HP: 1/14 MP: 0/6
  1050 | D:1      | Found Iwnujete's Weapon Emporium.
  1226 | D:1      | Found a faded altar of an unknown god.
  1234 | D:1      | Reached skill level 1 in Fighting
  1506 | D:1      | Reached XP level 3. HP: 15/18 MP: 4/8
  1510 | D:1      | Learned a level 3 spell: Frozen Ramparts
  2058 | D:2      | Noticed Robin
  2230 | D:1      | Gained mutation: Your natural rate of healing is unusually
                  | fast. [Vine Stalker growth]
  2230 | D:1      | Reached XP level 4. HP: 3/22 MP: 1/9
  2234 | D:1      | HP: 1/22 [poisoned by an adder]
  2468 | D:1      | Learned a level 3 spell: Ozocubu's Armour
  2515 | D:1      | Killed Robin
  3731 | D:4      | Reached XP level 5. HP: 24/26 MP: 7/11
  3733 | D:4      | Learned a level 1 spell: Sting
  3775 | D:4      | Noticed Edmund
  3801 | D:4      | Slain by Edmund

Illustrated notes

Levels and vault maps discovered:
D:1:      dpeg_arrival_circle_labyrinth_c, layout_loops_ring,
          chequers_ecumenical_altar_simple_redux, serial_shops,
          nicolae_shop_stone, shop
D:2:      layout_rooms, minmay_misc_feat_square, kennysheep_pointless_box,
          uniq_robin
D:3:      layout_basic, ebering_ghost_sewer_f, minmay_misc_feat_four_crosses
D:4:      layout_loops_ring, chequers_serial_rivers_marsh, uniq_edmund

Skill      XL: |  1  2  3  4 |
---------------+-------------+-----
Fighting       | 1 2 |  2.1
Spellcasting   | 3 |  3.4
Dodging        | |  1.5
Stealth        | |  2.4
Shields        | |  0.2
Ice Magic      | |  4.7

Action                   |  1- 3 |  4- 6 || total
-------------------------+-------+-------++-------
Melee: Dagger            |    43 |    40 ||    83
       Bite              |    17 |    16 ||    33
Throw: Boomerang         |       |     2 ||     2
 Cast: Freeze            |    25 |     9 ||    34
       Frozen Ramparts   |     4 |     6 ||    10
       Ozocubu's Armour  |       |     2 ||     2
       Sting             |       |     1 ||     1
 Stab: Sleeping          |     4 |     1 ||     5
Armor: Robe              |    10 |    12 ||    22
Dodge: Dodged            |    64 |    26 ||    90

Table legend: (Time is in decaauts)
 A = Elapsed time spent in this place.
 B = Non-inter-level travel time spent in this place.
 C = Inter-level travel time spent in this place.
 D = Time resting spent in this place.
 E = Time spent auto-exploring this place.
 F = Levels seen in this place.
 G = Mean time per level.
                   A        B        C        D        E       F      G
               +--------+--------+--------+--------+--------+-----+--------+
         Total |   3810 |   3741 |     69 |   1150 |   2006 |   4 |  952.5 |
       Dungeon |   3810 |   3741 |     69 |   1150 |   2006 |   4 |  952.5 |
               +--------+--------+--------+--------+--------+-----+--------+

Top non-repeatable levels by time:
     D:1: 2239 daAuts
     D:2: 804 daAuts
     D:3: 502 daAuts
     D:4: 264 daAuts
